cohdb
Replays
Latest Replays
All Replays
Popular Replays
Top Player Replays
Match Explorer
How It Works
Community
CoH3 Stats
Reddit
Sign in to upload your games and track your stats! →
Sign in with Steam
Match 39447224
Unlisted
Match 39447224
Overview
Messages
Build Orders
End
Construct Weapon Support Center
Construct Barracks
Scout Squad
Selects Heavy Weapons
Riflemen Squad
Riflemen Squad
Infantry Support Center
Riflemen Squad
Construct Motor Pool
M1 Anti-tank Gun Team
M8 Greyhound Armored Car
PayPerPaper
ši£ėñ±4²5
Flekz127
rj.sharp167
0
0
Comments
sign in to comment!
No comments posted yet!